 Dungeon Crawl Stone Soup version 0.29-a0-923-g6e406bff71 (webtiles) character file.

Game seed: 11790962411906976949

1519 night the Fighter (level 8, -6/67 HPs)
             Began as a Yellow Draconian Hunter on July 26, 2022.
             Was a Follower of Hepliaklqana.
             Mangled by an orc warrior
             ... wielding a +0 war axe
              (12 damage)
             ... on level 5 of the Dungeon on July 27, 2022.
             The game lasted 00:13:48 (6377 turns).

night the Fighter (Yellow Draconian Hunter)         Turns: 6377, Time: 00:13:48

Health: -6/67      AC:  7    Str: 14    XL:     8   Next: 54%
Magic:  8/8        EV: 12    Int: 17    God:    Hepliaklqana [*.....]
Gold:   292        SH:  0    Dex: 15    Spells: 7/7 levels left

rFire   + . .      SeeInvis .   a - +0 shortbow
rCold   . . .      Faith    .   (shield currently unavailable)
rNeg    . . .      Spirit   .   (body armour unavailable)
rPois   .          Reflect  .   (helmet restricted)
rElec   .          Harm     .   u - +0 cloak
rCorr   +          Rampage  .   (no gloves)
Will    .....                   (no boots)
Stlth   ++........              (no amulet)
HPRegen 0.21/turn               i - +6 ring of intelligence
MPRegen 0.11/turn               E - ring of protection from fire

@: short of breath
A: reduced essence, spit acid, AC +6, unfitting armour, cold-blooded, acid
resistance
a: Breathe Acid, Renounce Religion, Recall Ancestor, Ancestor Identity


You were on level 5 of the Dungeon.
You worshipped Hepliaklqana.
Hepliaklqana was aware of your devotion.
You visited 2 branches of the dungeon, and saw 7 of its levels.

You collected 292 gold pieces.

Inventory:

Hand Weapons
 a - a +0 shortbow (weapon)
 b - a +2 whip of electrocution
 j - a +0 halberd
 l - a +0 long sword
 q - a +2 dagger of venom
Missiles
 f - 34 stones
 r - 4 silver javelins
 w - 16 poisoned darts
 G - 3 boomerangs
Armour
 u - a +0 cloak (worn)
Jewellery
 i - a +6 ring of intelligence (left hand)
 s - a ring of fire
 z - a ring of flight
 E - a ring of protection from fire (right hand)
Wands
 C - a wand of flame (21)
Scrolls
 c - a scroll of silence {unknown}
 h - 2 scrolls of torment {unknown}
 k - 4 scrolls of identify {unknown}
 p - a scroll of immolation
 t - a scroll of enchant weapon {unknown}
 v - 3 scrolls of teleportation {unknown}
 y - a scroll of poison {unknown}
 A - 2 scrolls of fear {unknown}
 F - a scroll of blinking {unknown}
Potions
 d - 2 potions of might {unknown}
 e - a potion of haste {unknown}
 g - a potion of flight {unknown}
 m - 2 potions of attraction {unknown}
 n - 3 potions of curing {unknown}
 o - a potion of lignification {unknown}
 x - a potion of mutation {unknown}
 B - a potion of brilliance {unknown}
 D - a potion of heal wounds {unknown}


   Skills:
 + Level 8.6 Fighting
 + Level 7.9 Ranged Weapons
 - Level 1.8 Dodging
 - Level 0.9 Stealth


You had 7 spell levels left.
You didn't know any spells.
Your spell library contained the following spells:

 Spells                   Type           Power      Damage    Failure   Level
 Shock                    Conj/Air       0%         1d3       24%         1
 Portal Projectile        Hex/Tloc       0%         N/A       56%         3
 Swiftness                Air            0%         N/A       56%         3
 Tukima's Dance           Hex            0%         N/A       56%         3
 Airstrike                Air            0%         0-1+      93%         4
 Blade Hands              Tmut           0%         N/A       100%        5
 Fireball                 Conj/Fire      0%         3d3       100%        5
 Iskenderun's Battlesphe  Conj           0%         2d6       100%        5
 Conjure Ball Lightning   Conj/Air       0%         3x3d6     100%        6
 Orb of Destruction       Conj           0%         9d5       100%        7


Dungeon Overview and Level Annotations

Branches:
Dungeon (6/15)             Temple (1/1) D:5

Altars:
Cheibriados
Elyvilon
Gozag
Hepliaklqana
Kikubaaqudgha
Makhleb
Ru
Sif Muna
Trog
Uskayaw
Wu Jian
Xom
Yredelemnul
Zin
The Shining One

Annotations:
Temple 2 transporters


Innate Abilities, Weirdness & Mutations

Your life essence is reduced to manifest your ancestor. (-10% HP)
You can spit globs of acid.
Your golden yellow scales are hard. (AC +6)
You cannot fit into any form of body armour.
You are cold-blooded and may be slowed by cold attacks.
You are resistant to acid. (rCorr)


Message History

The orc warrior is heavily wounded.
The orc warrior closely misses you.
The orc warrior hits Khabaw with a +0 war axe!
Khabaw hits the orc warrior.
A mysterious force pulls you upwards. The hatch slams shut behind you.
Fire: a) +0 shortbow
Press: ? - help, Q - select action, (/) - cycle Shift-Dir - straight line, f - orc warrior
Aim: an orc warrior, wielding a +0 war axe and wearing a +0 chain mail (severely wounded, 63% to hit)
You shoot an arrow.
The arrow hits the orc warrior but does no damage.
The orc warrior is severely wounded.
The orc warrior closely misses you. The orc warrior barely misses you.
Press: ? - help, Shift-Dir - straight line, f/p - orc warrior
Aim: an orc warrior, wielding a +0 war axe and wearing a +0 chain mail (severely wounded, 60% to hit)
You spit a glob of acid.
The glob of acid hits the orc warrior!
The orc warrior is almost dead.
The orc warrior hits you with a +0 war axe!
* * * LOW HITPOINT WARNING * * *
Fire: a) +0 shortbow
Press: ? - help, Q - select action, (/) - cycle Shift-Dir - straight line, f/p - orc warrior
Aim: an orc warrior, wielding a +0 war axe and wearing a +0 chain mail (almost dead, 63% to hit)
You shoot an arrow. The arrow hits the orc warrior.
The orc warrior is almost dead.
The orc warrior closely misses you.
Fire: a) +0 shortbow
Press: ? - help, Q - select action, (/) - cycle Shift-Dir - straight line, f/p - orc warrior
Aim: an orc warrior, wielding a +0 war axe and wearing a +0 chain mail (almost dead, 63% to hit)
You shoot an arrow.
The arrow hits the orc warrior but does no damage.
The orc warrior is almost dead.
The orc warrior hits you with a +0 war axe.
* * * LOW HITPOINT WARNING * * *
Fire: a) +0 shortbow
Press: ? - help, Q - select action, (/) - cycle Shift-Dir - straight line, f/p - orc warrior
Aim: an orc warrior, wielding a +0 war axe and wearing a +0 chain mail (almost dead, 63% to hit)
You shoot an arrow.
The arrow hits the orc warrior but does no damage.
The orc warrior is almost dead.
The orc warrior hits you with a +0 war axe!
You die...

####### #.o@.^#
############.###.#
###............# #.#
#...##########[###)#
#.### #>[...# #.#
###.### #.# ##.##
..# ######.#.#######
###
##.....###......#


You could see an orc warrior.

Vanquished Creatures
  An orc warrior (D:6)
  A sky beast (D:6)
  2 black bears
  An ogre (D:5)
  A bullfrog (D:6)
  2 scorpions
  A wight (D:5)
  An orc priest (D:4)
  3 jellies
  4 hounds
  3 iguanas
  An orc wizard (D:3)
  7 gnolls
  6 adders
  5 worms
  3 dart slugs
  16 orcs
  5 endoplasms
  16 giant cockroaches
  10 goblins
  9 hobgoblins
  4 jackals
  4 quokkas
  7 ball pythons
  4 bats
  4 frilled lizards
  7 kobolds
  7 rats
135 creatures vanquished.

Vanquished Creatures (collateral kills)
  A black bear (D:6)
  2 wights
  An orc wizard (D:6)
  An orc (D:6)
5 creatures vanquished.

Vanquished Creatures (others)
  An ancestor (D:6)
  2 plants (D:2)
3 creatures vanquished.

Grand Total: 143 creatures vanquished

Notes
Turn   | Place    | Note
-------+----------+-------------------------------------------
     0 | D:1      | night the Draconian Hunter began the quest for the Orb.
     0 | D:1      | Reached XP level 1. HP: 17/17 MP: 1/1
   163 | D:1      | Reached XP level 2. HP: 25/25 MP: 2/2
   380 | D:1      | Found a faded altar of an unknown god.
   404 | D:1      | Prayed at the altar of an unknown god.
   404 | D:1      | Became a worshipper of Elyvilon the Healer
   404 | D:1      | Reached * piety under Elyvilon
   413 | D:1      | Reached skill level 3 in Fighting
   613 | D:1      | Reached XP level 3. HP: 28/31 MP: 3/3
   613 | D:1      | Fell from the grace of Elyvilon
   834 | D:2      | HP: 3/31 [gnoll/+0 halberd (8)]
  1234 | D:2      | Reached XP level 4. HP: 39/40 MP: 4/4
  1470 | D:2      | Reached skill level 4 in Fighting
  2021 | D:2      | HP: 6/40 [poisoned by a kobold]
  2651 | D:4      | Reached XP level 5. HP: 39/47 MP: 5/5
  2901 | D:3      | Reached skill level 5 in Ranged Weapons
  3213 | D:3      | You fall into a shaft and drop 2 floors!
  3213 | D:5      | Entered Level 5 of the Dungeon
  3225 | D:5      | Reached skill level 5 in Fighting
  3309 | D:5      | Reached XP level 6. HP: 56/56 MP: 6/6
  3470 | D:5      | Upgraded the game from 0.29-a0-914-g906f1d757c to
                  | 0.29-a0-923-g6e406bff71
  3595 | D:5      | Found a staircase to the Ecumenical Temple.
  3731 | Temple   | Entered the Ecumenical Temple
  3731 | Temple   | Found a transporter.
  3731 | Temple   | Found a transporter.
  3733 | Temple   | Found a transporter.
  3733 | Temple   | Found a transporter.
  3787 | Temple   | Became a worshipper of Hepliaklqana the Forgotten
  3848 | D:5      | Reached skill level 6 in Fighting
  4019 | D:5      | Your scales start taking on a golden yellow colour.
  4019 | D:5      | Reached XP level 7. HP: 48/63 MP: 7/7
  4019 | D:5      | Gained mutation: You are resistant to acid. (rCorr) [Yellow
                  | Draconian growth]
  4327 | D:5      | Noticed a moth of wrath
  4361 | D:5      | Found a bloodstained altar of Trog.
  4656 | D:3      | Identified the +1 ring mail of Fuabbuv {Slay+3}
  4672 | D:3      | Found a snail-covered altar of Cheibriados.
  4924 | D:4      | Found a shimmering altar of Xom.
  5092 | D:4      | Found a burning altar of Makhleb.
  5092 | D:4      | Found the +3 robe of Clouds {*Thunder rCloud rElec}
  5103 | D:4      | Identified the +1 ring mail of the Bard {Regen+ rCorr Dex+6
                  | Stlth+}
  5450 | D:4      | Found an ornate altar of the Wu Jian Council.
  5612 | D:5      | Reached * piety under Hepliaklqana
  5688 | D:5      | Reached skill level 7 in Fighting
  5948 | D:6      | Reached XP level 8. HP: 20/64 MP: 8/8
  6259 | D:6      | Reached skill level 8 in Fighting
  6376 | D:5      | HP: 6/67 [orc warrior/+0 war axe (6)]
  6377 | D:5      | Mangled by an orc warrior

Illustrated notes

Levels and vault maps discovered:
D:1:      reono_arrival_forest_river, layout_loops_cross,
          hellmonk_ecumenical_altar_pennies_from_heaven
D:2:      layout_loops_corners, chequers_avenue, minmay_shallow_snake_nest
D:3:      minmay_roachtagon, layout_rooms, mainiacjoe_overflow_24_doors,
          minmay_strange_pillars
D:4:      layout_basic, tgw_xom, bloody_makhleb, nzn_wu_jian_council_hall
D:5:      layout_loops_ring, tgw_trog, minmay_temple_entry_mini_moons,
          kennysheep_generic_room_13
D:6:      layout_cave_pools, hangedman_minor_gate_pass
Temple:   hellmonk_temple_divided_pantheon

Skill      XL: |  1  2  3  4  5  6  7  8 |
---------------+-------------------------+-----
Fighting       | 3 4 5 6 7 8 |  8.6
Ranged Weapons | 4 5 6 7 |  7.9
Dodging        | |  1.8
Stealth        | |  0.9

Action                   |  1- 3 |  4- 6 |  7- 9 || total
-------------------------+-------+-------+-------++-------
Melee: Whip              |       |    86 |     5 ||    91
       Tailslap          |       |     5 |     1 ||     6
       Punch             |       |     3 |       ||     3
       Dagger            |       |     4 |       ||     4
       Shortbow          |       |       |     1 ||     1
 Fire: Shortbow          |   104 |   179 |   182 ||   465
Invok: Renounce Religion |     1 |       |       ||     1
       Recall Ancestor   |       |       |     1 ||     1
 Abil: Breathe Acid      |       |       |     9 ||     9
Armor: Skin              |    13 |    81 |    46 ||   140
Dodge: Dodged            |    26 |   125 |    90 ||   241

Table legend: (Time is in decaauts)
 A = Elapsed time spent in this place.
 B = Non-inter-level travel time spent in this place.
 C = Inter-level travel time spent in this place.
 D = Time resting spent in this place.
 E = Time spent auto-exploring this place.
 F = Levels seen in this place.
 G = Mean time per level.
                   A        B        C        D        E       F      G
               +--------+--------+--------+--------+--------+-----+--------+
         Total |   6502 |   6202 |    300 |   1455 |   3578 |   7 |  928.9 |
       Dungeon |   6428 |   6128 |    300 |   1455 |   3577 |   6 | 1071.3 |
        Temple |     74 |     74 |      0 |      0 |      1 |   1 |   74.0 |
               +--------+--------+--------+--------+--------+-----+--------+

Top non-repeatable levels by time:
     D:5: 1923 daAuts
     D:2: 1667 daAuts
     D:4: 1010 daAuts
     D:3: 910 daAuts
     D:1: 684 daAuts
     D:6: 231 daAuts
  Temple: 74 daAuts
